 Dungeon Crawl Stone Soup version 0.23.2-1-ga50397a6bc (webtiles) character file.

Game seed: 10349188818347026653

179 KamiKatze the Chopper (level 5, -3/34 HPs)
             Began as a Gargoyle Berserker on May 29, 2019.
             Was a Priest of Trog.
             Splashed by a jelly's acid (8 damage)
             ... on level 3 of the Dungeon.
             The game lasted 00:09:56 (2142 turns).

KamiKatze the Chopper (Gargoyle Berserker)          Turns: 2142, Time: 00:09:57

Health: -3/34      AC:  4    Str: 22    XL:     5   Next: 59%
Magic:  5/5        EV: 11    Int:  7    God:    Trog [***...]
Gold:   90         SH:  0    Dex:  9    Spells: 4/4 levels left

rFire    + . .     SeeInvis .   a - +0 hand axe
rCold    + . .     Gourm    .   (no shield)
rNeg     + . .     Faith    .   p - +0 ring mail {rPois}
rPois    ∞         Spirit   .   q - +2 helmet
rElec    +         Reflect  .   m - scarf {rC+ rF+}
rCorr    .         Harm     .   (no gloves)
MR       .....                  (no boots)
Stlth    ..........             (no amulet)
HPRegen  0.11/turn              (no ring)
MPRegen  0.09/turn              (no ring)

@: corroded
A: negative energy resistance 1, electricity resistance, unbreathing,
petrification resistance, rot immunity, AC +4
a: Berserk, Trog's Hand, Renounce Religion


You were on level 3 of the Dungeon.
You worshipped Trog.
Trog was most pleased with you.
You were very hungry.

You visited 1 branch of the dungeon, and saw 3 of its levels.

You collected 90 gold pieces.

Inventory:

Hand Weapons
 a - a +0 hand axe (weapon)
 u - a +0 blowgun
Missiles
 e - 38 sling bullets
 f - 86 stones (quivered)
 o - 8 javelins
 t - 4 poisoned needles
Armour
 m - a scarf of resistance (worn)
 n - a cursed +0 chain mail
 p - a +0 ring mail of poison resistance (worn)
 q - a +2 helmet (worn)
Scrolls
 j - 5 scrolls of identify {unknown}
 k - a scroll of magic mapping {unknown}
 l - a scroll of blinking {unknown}
 r - a scroll of random uselessness {unknown}
 s - a scroll of enchant armour {unknown}
 v - a scroll of remove curse {unknown}
Potions
 b - 2 potions of curing {unknown}
 g - 2 potions of haste {unknown}
 h - a potion of invisibility {unknown}
 i - a potion of brilliance {unknown}
Comestibles
 c - 5 rations


   Skills:
 + Level 4.6 Fighting
 * Level 4.8 Axes
 - Level 2.1 Armour
 - Level 1.5 Dodging


You had 4 spell levels left.
You didn't know any spells.
Your spell library was empty.

Dungeon Overview and Level Annotations

Branches:
Dungeon (3/15)

Altars:
Fedhas


Innate Abilities, Weirdness & Mutations

You are resistant to torment.
Your stone body is resilient. (AC +4)
You are immune to poison.
You resist negative energy. (rN+)
You are resistant to electric shocks. (rElec)
You can survive without breathing.
You are immune to petrification.
You are immune to rotting.


Message History

You hit the jelly but do no damage. The acid corrodes you!
Your hands burn!
The jelly is moderately wounded.
The jelly barely misses you.
You hit the jelly but do no damage.
Your hands burn!
The jelly is moderately wounded.
The jelly barely misses you.
You hit the jelly but do no damage.
Your hands burn!
The jelly is moderately wounded.
The jelly closely misses you. The jelly misses you.
You hit the jelly.
Your hands burn!
* * * LOW HITPOINT WARNING * * *
The jelly is heavily wounded.
The jelly barely misses you.
You slash the jelly! The acid corrodes you!
Your hands burn!
* * * LOW HITPOINT WARNING * * *
The jelly is almost dead.
The jelly hits you.
* * * LOW HITPOINT WARNING * * *
You are splashed with acid!
You die...

#######..# #............#
.........# #............#
######...###########.#########
..####...#...##....#.#
#.#.##...#.#.......#)#####
..#..#...#...##.....)....#
.........#.......[.....#.#
..#......#.#.#.[.J...#.#.#
#.#......#.#.#..@#.....#.#
..#......#.#.#...#.#J..#.#
#.#......#.......#.#...#.#
.........###.#.###.#...#.#
###......# #.#.........#.#
.........###.#######...#.###
.........#.................#
....#..#.#.#.#######[.##.#.#
###.##.#.#.....).).......#.#


You could see a jelly.

Vanquished Creatures
  2 orc wizards (D:3)
  Robin (D:3)
  An adder (D:2)
  An ooze (D:3)
  2 worms (D:2)
  A dart slug (D:1)
  3 leopard geckos
  6 orcs (D:3)
  A ball python (D:2)
  7 bats
  3 giant cockroaches
  17 goblins
  12 hobgoblins
  3 jackals (D:3)
  2 frilled lizards (D:1)
  7 kobolds
  10 rats
79 creatures vanquished.

Notes
Turn   | Place    | Note
-------+----------+-------------------------------------------
     0 | D:1      | KamiKatze the Gargoyle Berserker began the quest for the
                  | Orb.
     0 | D:1      | Reached XP level 1. HP: 14/14 MP: 1/1
   148 | D:1      | Reached XP level 2. HP: 13/19 MP: 2/2
   561 | D:1      | Reached XP level 3. HP: 23/24 MP: 3/3
   766 | D:2      | Reached ** piety under Trog
  1108 | D:2      | Reached XP level 4. HP: 25/29 MP: 4/4
  1304 | D:3      | Noticed Robin
  1338 | D:3      | Killed Robin
  1521 | D:3      | Reached *** piety under Trog
  1614 | D:3      | Reached XP level 5. HP: 34/34 MP: 5/5
  1903 | D:3      | Found a blossoming altar of Fedhas.
  2142 | D:3      | Splashed by a jelly's acid

Skill      XL: |  1  2  3  4 |
---------------+-------------+-----
Axes           | 3 4 |  4.8
Fighting       | 4 |  4.6
Armour         | |  2.1
Dodging        | |  1.5

Action                   |  1- 3 |  4- 6 || total
-------------------------+-------+-------++-------
Melee: Hand axe          |   136 |   145 ||   281
Invok: Trog's Hand       |       |     2 ||     2
  Eat: Chunk             |     1 |     3 ||     4
Armor: Animal skin       |     5 |       ||     5
       Leather armour    |    60 |     7 ||    67
       Ring mail         |       |    43 ||    43
Dodge: Dodged            |    88 |    85 ||   173
